APP
OREM OWLZ @ PULASKI YANKEES
10/20/2049
 
TOP OF THE 1ST
Oakland (APP) Athletics batting - Pitching for Baltimore (APP) Orioles : RHP Jesse Crockett
Pitching: RHP Jesse Crockett
Batting: RHB Danny Murillo 0-0: Ground out 4-3 (Groundball, 4, EV 88.8 MPH)
Batting: LHB Koson Hirai 0-0: Ground out U3 (Groundball, 3, EV 82.5 MPH)
Batting: LHB Dave Talbert 0-0: Swinging Strike
0-1: Ground out 4-3 (Groundball, 34, EV 82.5 MPH)
Top of the 1st over - 0 runs, 0 hits, 0 errors, 0 left on base; Oakland (APP) 0 - Baltimore (APP) 0
BOTTOM OF THE 1ST
Baltimore (APP) Orioles batting - Pitching for Oakland (APP) Athletics : RHP Guadalupe Vasguez
Pitching: RHP Guadalupe Vasguez
Batting: RHB Rafael Medina 0-0: Ball
1-0: Called Strike
1-1: Ball
2-1: Ball
3-1: Called Strike
3-2: Foul Ball, location: 2F
3-2: Strikes out swinging
Batting: RHB Eric Meijerink 0-0: Ground out 6-3 (Groundball, 6, EV 76.3 MPH)
Batting: LHB Stu Sornson 0-0: Ground out 4-3 (Groundball, 34D, EV 103.1 MPH)
Bottom of the 1st over - 0 runs, 0 hits, 0 errors, 0 left on base; Oakland (APP) 0 - Baltimore (APP) 0
TOP OF THE 2ND
Oakland (APP) Athletics batting - Pitching for Baltimore (APP) Orioles : RHP Jesse Crockett
Batting: RHB Stu Rancourt 0-0: Ball
1-0: Swinging Strike
1-1: Foul Ball, location: 2F
1-2: Ball
2-2: Foul Ball, location: 2F
2-2: Strikes out swinging
Batting: LHB Yoshinari Nara 0-0: Called Strike
0-1: Ball
1-1: Ball
2-1: Swinging Strike
2-2: Ball
3-2: Base on Balls
Batting: RHB Javier Garcia 0-0: Ball
1-0: Ball
2-0: Foul Ball, location: 2F
2-1: Ball
3-1: Ground out 5-3 (Groundball, 56S, EV 64.4 MPH)
Yoshinari Nara to second
Batting: LHB Clyde Saxton 0-0: Ball
1-0: Ground out U3 (Groundball, 3, EV 88.1 MPH)
Top of the 2nd over - 0 runs, 0 hits, 0 errors, 1 left on base; Oakland (APP) 0 - Baltimore (APP) 0
BOTTOM OF THE 2ND
Baltimore (APP) Orioles batting - Pitching for Oakland (APP) Athletics : RHP Guadalupe Vasguez
Batting: RHB Omar Mascarenas 0-0: Foul Ball, location: 2F
0-1: Called Strike
0-2: Ball
1-2: Foul Ball, location: 2F
1-2: Ball
2-2: Ball
3-2: SINGLE (Line Drive, 34, EV 98.8 MPH)
Batting: RHB Sean Ward 0-0: Ball
1-0: DOUBLE (Line Drive, 3D, EV 96.9 MPH)
Omar Mascarenas to third
Runner from 3rd tries for Home, throw by RF and OUT! 9-4-2
Runner from 2nd tries for 3rd, throw by C and OUT! 2-4-5 Double Play!
Batting: RHB Andres Cervantes 0-0: Swinging Strike
0-1: Swinging Strike
0-2: Ball
1-2: Ball
2-2: Foul Ball, location: 2F
2-2: DOUBLE (Line Drive, 89D, EV 105.6 MPH)
Batting: RHB Joel Escalera 0-0: Ball
1-0: Ball
2-0: Ball
3-0: Swinging Strike
3-1: Called Strike
3-2: Foul Ball, location: 2F
3-2: Foul Ball, location: 2F
3-2: Fly out, F5 (Line Drive, 5, EV 68.8 MPH)
Bottom of the 2nd over - 0 runs, 3 hits, 0 errors, 1 left on base; Oakland (APP) 0 - Baltimore (APP) 0
TOP OF THE 3RD
Oakland (APP) Athletics batting - Pitching for Baltimore (APP) Orioles : RHP Jesse Crockett
Batting: RHB Omar Quintana 0-0: Ball
1-0: Fly out, F8 (Flyball, 8LS, EV 88.1 MPH)
Batting: LHB Robert Ibarra 0-0: Called Strike
0-1: Ball
1-1: Ball
2-1: Ball
3-1: Base on Balls
Batting: RHB Danny Murillo 0-0: Foul Ball, location: 2F
0-1: Ball
1-1: Called Strike
1-2: Ball
2-2: Fielders Choice at 2nd, 4-6 (Groundball, 34, EV 86.9 MPH)
Batting: LHB Koson Hirai 0-0: Foul Ball, location: 2F
0-1: Ball
1-1: Called Strike
Danny Murillo steals 2nd base
1-2: Foul Ball, location: 2F
1-2: Ball
2-2: Strikes out swinging
Top of the 3rd over - 0 runs, 0 hits, 0 errors, 1 left on base; Oakland (APP) 0 - Baltimore (APP) 0
BOTTOM OF THE 3RD
Baltimore (APP) Orioles batting - Pitching for Oakland (APP) Athletics : RHP Guadalupe Vasguez
Batting: RHB Trevor Smith 0-0: Ball
1-0: Ball
2-0: Ball
3-0: Base on Balls
Batting: RHB Brett Steele 0-0: Called Strike
0-1: Ball
1-1: Ball
2-1: Swinging Strike
2-2: Ball
3-2: Foul Ball, location: 2F
3-2: Fielders Choice at 2nd, 5-4 (Groundball, 56, EV 83.8 MPH)
Batting: RHB Rafael Medina 0-0: Called Strike
0-1: Called Strike
0-2: Foul Ball, location: 2F
0-2: Ball
Brett Steele steals 2nd base (no throw)
1-2: Strikes out swinging
Batting: RHB Eric Meijerink 0-0: Called Strike
0-1: Swinging Strike
0-2: Foul Ball, location: 2F
0-2: Ball
1-2: Ball
Wild Pitch!
Brett Steele to third
2-2: Strikes out swinging
Bottom of the 3rd over - 0 runs, 0 hits, 0 errors, 1 left on base; Oakland (APP) 0 - Baltimore (APP) 0
TOP OF THE 4TH
Oakland (APP) Athletics batting - Pitching for Baltimore (APP) Orioles : RHP Jesse Crockett
Batting: LHB Dave Talbert 0-0: Ball
1-0: Ball
2-0: Fly out, F4 (Popup, 4S, EV 78.8 MPH)
Batting: RHB Stu Rancourt 0-0: Swinging Strike
0-1: SINGLE (Groundball, 3D, EV 101.3 MPH)
Batting: LHB Yoshinari Nara 0-0: Called Strike
0-1: Ball
1-1: 2-RUN HOME RUN (Flyball, 9D, EV 87.5 MPH), Distance : 396 ft
Batting: RHB Javier Garcia 0-0: Called Strike
0-1: Fly out, F8 (Flyball, 8RXD, EV 88.1 MPH)
Batting: LHB Clyde Saxton 0-0: Swinging Strike
0-1: Fly out, F8 (Line Drive, 8LD, EV 91.9 MPH)
Top of the 4th over - 2 runs, 2 hits, 0 errors, 0 left on base; Oakland (APP) 2 - Baltimore (APP) 0
BOTTOM OF THE 4TH
Baltimore (APP) Orioles batting - Pitching for Oakland (APP) Athletics : RHP Guadalupe Vasguez
Batting: LHB Stu Sornson 0-0: Ball
1-0: Ball
2-0: Ball
3-0: Called Strike
3-1: Base on Balls
Batting: RHB Omar Mascarenas 0-0: Called Strike
0-1: 2-RUN HOME RUN (Flyball, 7D, EV 101.9 MPH), Distance : 384 ft
Batting: RHB Sean Ward 0-0: Ball
1-0: Ball
2-0: Fly out, F4 (Popup, 4, EV 74.4 MPH)
Batting: RHB Andres Cervantes 0-0: SINGLE (Groundball, 6D, EV 98.1 MPH)
Batting: RHB Joel Escalera 0-0: Called Strike
0-1: Foul Ball, location: 2F
0-2: Ball
1-2: Ball
2-2: Grounds into double play, 6-4-3 (Groundball, 6, EV 89.4 MPH)
Bottom of the 4th over - 2 runs, 2 hits, 0 errors, 0 left on base; Oakland (APP) 2 - Baltimore (APP) 2
TOP OF THE 5TH
Oakland (APP) Athletics batting - Pitching for Baltimore (APP) Orioles : RHP Jesse Crockett
Batting: RHB Omar Quintana 0-0: Called Strike
0-1: Fly out, F8 (Flyball, 8RXD, EV 98.1 MPH)
Batting: LHB Robert Ibarra 0-0: Ball
1-0: Ball
2-0: Foul Ball, location: 2F
2-1: Ball
3-1: Foul Ball, location: 2F
3-2: Fly out, F6 (Popup, 6M, EV 62.5 MPH)
Batting: RHB Danny Murillo 0-0: Ball
1-0: Called Strike
1-1: Ball
2-1: Ball
3-1: Swinging Strike
3-2: Foul Ball, location: 2F
3-2: Fly out, F3 (Popup, 3S, EV 79.4 MPH)
Top of the 5th over - 0 runs, 0 hits, 0 errors, 0 left on base; Oakland (APP) 2 - Baltimore (APP) 2
BOTTOM OF THE 5TH
Baltimore (APP) Orioles batting - Pitching for Oakland (APP) Athletics : RHP Guadalupe Vasguez
Batting: RHB Trevor Smith 0-0: Ball
1-0: Ball
2-0: Ball
3-0: Called Strike
3-1: Foul Ball, location: 2F
3-2: Foul Ball, location: 2F
3-2: Base on Balls
Pitching: RHP Willie Valle
Batting: RHB Brett Steele 0-0: Fly out, F9 (Flyball, 9, EV 85.6 MPH)
Batting: RHB Rafael Medina 0-0: Ball
1-0: Ball
2-0: Called Strike
2-1: Foul Ball, location: 2F
2-2: Strikes out looking
Batting: RHB Eric Meijerink 0-0: Ball
1-0: Called Strike
1-1: Ball
2-1: Foul Ball, location: 2F
2-2: Foul Ball, location: 2F
2-2: Ground out 2-3 (Groundball, 15S, EV 74.4 MPH)
Bottom of the 5th over - 0 runs, 0 hits, 0 errors, 1 left on base; Oakland (APP) 2 - Baltimore (APP) 2
TOP OF THE 6TH
Oakland (APP) Athletics batting - Pitching for Baltimore (APP) Orioles : RHP Jesse Crockett
Batting: LHB Koson Hirai 0-0: Ground out U3 (Groundball, 3, EV 104.4 MPH)
Batting: LHB Dave Talbert 0-0: SINGLE (Groundball, 6MD, EV 95.0 MPH)
Batting: RHB Stu Rancourt 0-0: Called Strike
0-1: Ball
1-1: Ball
2-1: Fly out, F8 (Flyball, 8RS, EV 84.4 MPH)
Batting: LHB Yoshinari Nara 0-0: Called Strike
Dave Talbert steals 2nd base
0-1: DOUBLE (Line Drive, 7LD, EV 106.3 MPH)
Dave Talbert scores
Pitching: RHP Kevin Akins
Batting: RHB Javier Garcia 0-0: Fly out, F8 (Flyball, 8LXD, EV 106.3 MPH)
Top of the 6th over - 1 run, 2 hits, 0 errors, 1 left on base; Oakland (APP) 3 - Baltimore (APP) 2
BOTTOM OF THE 6TH
Baltimore (APP) Orioles batting - Pitching for Oakland (APP) Athletics : RHP Willie Valle
Batting: LHB Stu Sornson 0-0: Called Strike
0-1: Swinging Strike
0-2: Strikes out swinging
Batting: RHB Omar Mascarenas 0-0: Ball
1-0: Foul Ball, location: 2F
1-1: Ball
2-1: Foul Ball, location: 2F
2-2: Ball
3-2: Foul Ball, location: 2F
3-2: Fly out, F3 (Popup, 34, EV 67.5 MPH)
Batting: RHB Sean Ward 0-0: Ball
1-0: Swinging Strike
1-1: Foul Ball, location: 2F
1-2: Strikes out swinging
Bottom of the 6th over - 0 runs, 0 hits, 0 errors, 0 left on base; Oakland (APP) 3 - Baltimore (APP) 2
TOP OF THE 7TH
Oakland (APP) Athletics batting - Pitching for Baltimore (APP) Orioles : RHP Kevin Akins
Batting: LHB Clyde Saxton 0-0: Foul Ball, location: 2F
0-1: Ground out 6-3 (Groundball, 4M, EV 103.1 MPH)
Batting: RHB Omar Quintana 0-0: Ball
1-0: Foul Ball, location: 2F
1-1: Ball
2-1: Ground out 4-3 (Groundball, 4, EV 88.1 MPH)
Batting: LHB Robert Ibarra 0-0: Foul Ball, location: 2F
0-1: Ground out U3 (Groundball, 3, EV 105.0 MPH)
Top of the 7th over - 0 runs, 0 hits, 0 errors, 0 left on base; Oakland (APP) 3 - Baltimore (APP) 2
BOTTOM OF THE 7TH
Baltimore (APP) Orioles batting - Pitching for Oakland (APP) Athletics : RHP Willie Valle
Batting: RHB Andres Cervantes 0-0: Ground out 6-3 (Groundball, 6, EV 88.1 MPH)
Batting: RHB Joel Escalera 0-0: Ball
1-0: Ball
2-0: Called Strike
2-1: Foul Ball, location: 2F
2-2: Foul Ball, location: 2F
2-2: Foul Ball, location: 2F
2-2: Strikes out looking
Batting: RHB Trevor Smith 0-0: Foul Ball, location: 2F
0-1: Ball
1-1: Foul Ball, location: 2F
1-2: Ground out 4-3 (Groundball, 4, EV 78.1 MPH)
Bottom of the 7th over - 0 runs, 0 hits, 0 errors, 0 left on base; Oakland (APP) 3 - Baltimore (APP) 2
TOP OF THE 8TH
Oakland (APP) Athletics batting - Pitching for Baltimore (APP) Orioles : RHP Kevin Akins
Pitching: RHP Nick Bentley
Batting: RHB Danny Murillo 0-0: Called Strike
0-1: Foul Ball, location: 2F
0-2: Foul Ball, location: 2F
0-2: Ball
1-2: TRIPLE (Flyball, 89XD, EV 108.8 MPH)
Batting: LHB Koson Hirai 0-0: Ball
1-0: Called Strike
1-1: Swinging Strike
1-2: Foul Ball, location: 2F
1-2: Foul Ball, location: 2F
1-2: Strikes out swinging
Batting: LHB Dave Talbert 0-0: Intentional Walk
Batting: RHB Stu Rancourt 0-0: Ball
1-0: Foul Ball, location: 2F
1-1: Ball
2-1: Ball
3-1: 3-RUN HOME RUN (Flyball, 7LD, EV 93.1 MPH), Distance : 350 ft
Pitching: LHP Daniel Becker
Batting: LHB Yoshinari Nara 0-0: Foul Ball, location: 2F
0-1: Foul Ball, location: 2F
0-2: Foul Ball, location: 2F
0-2: Ball
1-2: Ball
2-2: Foul Ball, location: 2F
2-2: Ball
3-2: Ground out 6-3 (Groundball, 6, EV 81.9 MPH)
Batting: RHB Javier Garcia 0-0: Called Strike
0-1: Ball
1-1: Ball
2-1: DOUBLE (Line Drive, 9LD, EV 106.9 MPH)
Batting: LHB Clyde Saxton 0-0: Ground out 4-3 (Groundball, 4, EV 78.8 MPH)
Top of the 8th over - 3 runs, 3 hits, 0 errors, 1 left on base; Oakland (APP) 6 - Baltimore (APP) 2
BOTTOM OF THE 8TH
Baltimore (APP) Orioles batting - Pitching for Oakland (APP) Athletics : RHP Willie Valle
Pitching: LHP Salvador Rayner
Batting: RHB Brett Steele 0-0: Called Strike
0-1: Ball
1-1: DOUBLE (Flyball, 8RD, EV 96.9 MPH)
Batting: RHB Rafael Medina 0-0: Ground out 1-3 (Groundball, 13S, EV 74.4 MPH)
Brett Steele to third
Batting: RHB Eric Meijerink 0-0: Foul Ball, location: 2F
0-1: Ball
1-1: Ball
2-1: Foul Ball, location: 2F
2-2: SINGLE (Groundball, 6MD, EV 96.3 MPH)
Brett Steele scores
Batting: LHB Stu Sornson 0-0: Fly out, F8 (Flyball, 8RXD, EV 91.3 MPH)
Batting: RHB Omar Mascarenas 0-0: Ball
1-0: Ball
2-0: Ball
3-0: Called Strike
3-1: Base on Balls
Eric Meijerink to second
Batting: RHB Sean Ward 0-0: SINGLE (Line Drive, 89S, EV 96.9 MPH)
Eric Meijerink to third
Omar Mascarenas to second
Runner from 3rd tries for Home, throw by RF and OUT! 9-2
Bottom of the 8th over - 1 run, 3 hits, 0 errors, 2 left on base; Oakland (APP) 6 - Baltimore (APP) 3
TOP OF THE 9TH
Oakland (APP) Athletics batting - Pitching for Baltimore (APP) Orioles : LHP Daniel Becker
Pitching: RHP Graham Fish
Batting: RHB Omar Quintana 0-0: Foul Ball, location: 2F
0-1: Ball
1-1: Called Strike
1-2: Strikes out swinging, 2-3 out at first.
Batting: LHB Robert Ibarra 0-0: Called Strike
0-1: Hit by Pitch
Batting: RHB Danny Murillo 0-0: Swinging Strike
0-1: Ball
1-1: Called Strike
1-2: Foul Ball, location: 2F
1-2: Ball
2-2: Strikes out swinging
Batting: LHB Koson Hirai 0-0: DOUBLE (Line Drive, 5D, EV 106.9 MPH)
Robert Ibarra to third
Runner from 3rd tries for Home, SAFE, throw by LF to home
Batting: LHB Dave Talbert 0-0: Called Strike
0-1: Foul Ball, location: 2F
0-2: Ball
1-2: Strikes out swinging
Top of the 9th over - 1 run, 1 hit, 0 errors, 1 left on base; Oakland (APP) 7 - Baltimore (APP) 3
BOTTOM OF THE 9TH
Baltimore (APP) Orioles batting - Pitching for Oakland (APP) Athletics : LHP Salvador Rayner
Batting: RHB Andres Cervantes 0-0: Called Strike
0-1: Swinging Strike
0-2: Ball
1-2: Strikes out swinging
Batting: RHB Joel Escalera 0-0: Ball
1-0: Foul Ball, location: 2F
1-1: Ground out 5-3 (Groundball, 56S, EV 88.1 MPH)
Batting: RHB Trevor Smith 0-0: Called Strike
0-1: Foul Ball, location: 2F
0-2: Strikes out swinging
Bottom of the 9th over - 0 runs, 0 hits, 0 errors, 0 left on base; Oakland (APP) 7 - Baltimore (APP) 3
Sunday, July 16th , 2023 - OOTP Baseball 24.6 Build 69